 Dungeon Crawl Stone Soup version 0.27.0-1-g7a089689b8 (webtiles) character file.

Game seed: 5695979770282214479

4 Crazydiamond the Insei (level 1, 0/13 HPs)
             Began as an Octopode Transmuter on Aug 16, 2021.
             Slain by a jackal (1 damage)
             ... on level 1 of the Dungeon.
             The game lasted 00:00:11 (44 turns).

Crazydiamond the Insei (Octopode Transmuter)          Turns: 44, Time: 00:00:11

Health: 0/13       AC:  1    Str:  9    XL:     1   Next: 60%
Magic:  3/3        EV: 13    Int: 15    God:
Gold:   0          SH:  0    Dex: 12    Spells: 3/4 levels left

rFire    . . .     SeeInvis .     - Unarmed
rCold    . . .     Faith    .   (no shield)
rNeg     . . .     Spirit   .   (helmet currently unavailable)
rPois    .         Reflect  .   (no amulet)
rElec    .         Harm     .   (no ring)
rCorr    .         Rampage  .   (no ring)
Will     .....                  (no ring)
Stlth    ++........             (no ring)
HPRegen  0.04/turn              (no ring)
MPRegen  0.08/turn              (no ring)
                                (no ring)
                                (no ring)

@: appendages (expiring)
A: tentacle spike 3, almost no armour, amphibious, 8 rings, camouflage 1,
gelatinous body 1, (nimble swimmer 1), tentacles
a: End Transformation


You were on level 1 of the Dungeon.
One of your tentacles had grown a beastly spike.
You visited 1 branch of the dungeon, and saw 1 of its levels.

You aren't carrying anything.


   Skills:
 + Level 1.0 Fighting
 + Level 2.0 Dodging
 + Level 3.2 Unarmed Combat
 + Level 2.0 Spellcasting
 + Level 2.0 Transmutations


You had 3 spell levels left.
You knew the following spells:

 Your Spells              Type           Power      Damage    Failure   Level
a - Beastly Appendage     Tmut           14%        N/A       10%         1

Your spell library contained the following spells:

 Spells                   Type           Power      Damage    Failure   Level
 Wereblood                Tmut           7%         N/A       14%         2
 Spider Form              Tmut/Pois      2%         N/A       41%         3
 Ice Form                 Ice/Tmut       4%         N/A       82%         4


Dungeon Overview and Level Annotations

Branches:
Dungeon (1/15)

Altars:


Innate Abilities, Weirdness & Mutations

One of your tentacles has grown a beastly spike.
You cannot wear most types of armour.
You are amphibious.
You can wear up to eight rings at the same time.
Your skin changes colour to match your surroundings (Stealth+).
Your rubbery body absorbs attacks. (AC +1, EV +1)
((You are camouflaged near water. (Stealth+)))
You have tentacles for arms and can constrict up to eight enemies at once.


Message History

The jackal closely misses you. The jackal barely misses you.
You tentacle-slap the jackal.
You kill the jackal!
You closely miss the jackal. You grab the jackal. You constrict the jackal.
The jackal bites you.
You barely miss the jackal.
The jackal is lightly wounded.
You constrict the jackal, but do no damage.
The jackal closely misses you.
You barely miss the jackal.
You pierce the jackal, but do no damage.
You squeeze the jackal, but do no damage.
The jackal is lightly wounded.
You constrict the jackal, but do no damage.
The jackal escapes!
You barely miss the giant cockroach. You grab the giant cockroach.
Your tentacle spike misses the giant cockroach.
Your transformation is almost over.
You constrict the giant cockroach. The jackal barely misses you.
The giant cockroach misses you. The jackal bites you.
* * * LOW HITPOINT WARNING * * *
You tentacle-slap the jackal. Your grab misses the jackal.
The jackal is heavily wounded.
You constrict the giant cockroach. The giant cockroach closely misses you.
The jackal bites you but does no damage.
You closely miss the jackal. Your grab misses the jackal.
You pierce the jackal.
Your squeeze misses the jackal.
The jackal is almost dead.
You constrict the giant cockroach. The giant cockroach closely misses you.
The jackal closely misses you.
You tentacle-slap the jackal.
You kill the jackal!
You constrict the giant cockroach.
You kill the giant cockroach!
You closely miss the jackal. Your grab misses the jackal.
The jackal bites you but does no damage.
You closely miss the jackal. You grab the jackal.
You constrict the jackal, but do no damage.
The jackal bites you.
You die...

#.####.#
####.#..#.#
#..#.'<.+.#
#####..#.#..#.#
.......#+####.#
###......+......#
######....
#..#'######
#....$..####....#
#†@........##
#h###.(.####
...h..........#
......#.......#
.........##...#
.........######
.........# ....
.#... ......##.#


You could see a jackal.

Vanquished Creatures
  A giant cockroach (D:1)
  2 jackals (D:1)
3 creatures vanquished.

Notes
Turn   | Place    | Note
-------+----------+-------------------------------------------
     0 | D:1      | Crazydiamond the Octopode Transmuter began the quest for
                  | the Orb.
     0 | D:1      | Reached XP level 1. HP: 13/13 MP: 3/3
    44 | D:1      | Slain by a jackal

Illustrated notes

Levels and vault maps discovered:
D:1:      ncdulo_smallfort, layout_rooms, hellmonk_ecumenical_altar_crossroads

Action                   || total
-------------------------++-------
Melee: Unarmed           ||    12
       Constrict         ||     3
       Kick              ||     3
       Tentacles         ||     1
 Cast: Beastly Appendage ||     1
Armor: Skin              ||     2
Dodge: Dodged            ||     9
